Cogmind - Beta 16 @@@ ROGUE MODE // 2025.11.08 @ 12:28:50 Player: Triffids Result: Self-destructed Performance ------------- Evolutions (1) 500 Regions Visited (2) 400 Robots Destroyed (16) 80 Value Destroyed (201) 201 Prototype IDs (2) 40 Alien Tech Used (0) 0 Bonus (0) 0 TOTAL SCORE: 1221 Bonus ------- None Cogmind --------- Core Integrity 386/400 Matter 277/300 Energy 123/125 System Corruption 0% Temperature Cool (6) Movement Flying (34) Location -9/Materials Parts ------- > --- POWER (1) -------- Light Ion Engine > --- PROPULSION (4) --- Flight Unit Flight Unit Flight Unit Flight Unit > --- UTILITY (2) ------ Structural Scanner Seismic Detector > --- WEAPON (2) ------- Beam Rifle Autogun > --- INVENTORY (5) ---- Ion Engine Improved Terrain Scanner Heavy Assault Rifle Autogun Grenade Launcher Peak State ------------ > --- POWER ------------ Light Ion Engine > --- PROPULSION ------- Flight Unit Flight Unit Flight Unit Flight Unit > --- UTILITY ---------- Structural Scanner Seismic Detector > --- WEAPON ----------- Beam Rifle Autogun > --- INVENTORY -------- Ion Engine Improved Terrain Scanner Assault Rifle Autogun Grenade Launcher [Rating: 11] Favorites ----------- Power Ion Engine Engine Ion Engine Propulsion Wheel Wheel Wheel Flight Unit Flight Unit Utility Seismic Detector Device Seismic Detector Storage Small Storage Unit Weapon Light Assault Rifle Energy Gun Small Laser Ballistic Gun Light Assault Rifle Build | -11 -10 -9 ------- Run | Yrd Mat Mat Slots Evolved 2 | . . 2 Power . | . . . Propulsion 2 | . . 2 Utility . | . . . Weapon . | . . . Parts Attached 19 | 8 7 4 Power 2 | 1 1 . Engine 2 | 1 1 . Core . | . . . Reactor . | . . . Propulsion 8 | 3 3 2 Treads . | . . . Leg . | . . . Wheel 3 | 3 . . Hover . | . . . Flight 5 | . 3 2 Utility 3 | 2 1 . Device 2 | 1 1 . Storage 1 | 1 . . Processor . | . . . Hackware . | . . . Protection . | . . . Artifact . | . . . Weapon 6 | 2 2 2 Energy Gun 2 | . 1 1 Energy Cannon . | . . . Ballistic Gun 4 | 2 1 1 Ballistic Cannon . | . . . Launcher . | . . . Special Weapon . | . . . Impact Weapon . | . . . Slashing Weapon . | . . . Piercing Weapon . | . . . Special Melee Weapon . | . . . Unidentified Prototypes . | . . . Parts Lost . | . . . Power . | . . . Propulsion . | . . . Utility . | . . . Weapon . | . . . Highest Loss Streak . | . . . To Critical Strikes . | . . . Average Backups 5 | 4 6 4 Power . | . 1 1 Propulsion 2 | 1 3 . Utility . | . 1 1 Weapon 1 | 1 1 2 Tool/Special . | . . . Unused Backups 12 | . 8 4 Power . | . . . Propulsion 8 | . 8 . Utility 1 | . . 1 Weapon 3 | . . 3 Tool/Special . | . . . Average Slot Usage (%) 97 | . 97 98 Engine 13 | . 14 11 Wheel 10 | . 13 . Flight 20 | . 14 42 Device 19 | . 18 22 Storage 5 | . 7 . Energy Gun 4 | . 2 11 Ballistic Gun 22 | . 24 11 Peak Build Rating 11 | 7 8 11 Average Rating 7 | 5 7 10 On Entrance 4 | . 7 7 Avg Prop Armor Cover (%) 3 | . . 3 Naked Turns . | . . . Heaviest Build 13 | 13 13 11 Greatest Support 26 | 26 20 12 Greatest Overweight (x) 1 | . 1 . Average Overweight (x) . | . . . Largest Inventory Capacity 8 | 8 8 5 Average Capacity 6 | 7 6 5 Most Carried 8 | 7 8 5 Average Carried 5 | 4 6 4 Final Capacity 8 | 8 5 5 Final Carried 7 | 7 5 5 Class Distribution -------------------- 68% | Mutant 31% | Scavenger-Mutant Dominant Class ---------------- Mutant | -10/Materials Scavenger-Mutant | -9/Materials Resources | -11 -10 -9 ----------- Run | Yrd Mat Mat Matter Collected 537 | 342 142 53 Remotely . | . . . Salvage Created 423 | 190 180 53 Parts 36 | 11 20 5 Haulers Intercepted . | . . . Recyclers Shooed . | . . . Parts Field Recycled . | . . . Retrieved Matter . | . . . Parts Self-Destructed . | . . . Prevented . | . . . Parts Restored . | . . . Kills | -11 -10 -9 ------- Run | Yrd Mat Mat Combat Hostiles Destroyed 8 | . 7 1 Guns 8 | . 7 1 Classes Destroyed 7 | 2 4 1 Builder 1 | . 1 . Tunneler 5 | 5 . . Recycler 1 | 1 . . Watcher 1 | . 1 . Swarmer 6 | . 6 . Grunt 1 | . 1 . Sentry 1 | . . 1 Best Kill Streak 7 | 3 7 1 Combat Bots Only 6 | . 6 1 Max Kills in Single Turn 2 | 1 2 1 Gunslinging 1 | . 1 . Exploded . | . . . Melee . | . . . Uniques/NPCs Destroyed . | . . . Combat | -11 -10 -9 -------- Run | Yrd Mat Mat Hostile Shots Fired 35 | . 31 4 Missed 8 | . 6 2 Hits 27 | . 25 2 Projectile 27 | . 25 2 Critical Strikes 1 | . . 1 Damage Taken 245 | . 217 28 Core 96 | . 82 14 Absorbed by Shields . | . . . Core Remaining (%) 83 | 100 67 . Volleys Fired 65 | 31 29 5 Largest 2 | 2 2 2 Hottest 79 | 40 40 79 Shots Fired 130 | 62 58 10 Gun 130 | 62 58 10 Cannon . | . . . Launcher . | . . . Special . | . . . Kinetic 125 | 62 58 5 Thermal 5 | . . 5 Explosive . | . . . Electromagnetic . | . . . Robot Hit Streak 12 | 12 6 8 Robot Miss Streak 4 | 3 4 1 Penetration Max . | . . . Secondary Targets 1 | . 1 . Max Gunslinging Chain 1 | . 1 . Shots Hit Robots 82 | 43 31 8 Core Hits 32 | 13 17 2 Critical Kills . | . . . Critical Parts Destroyed . | . . . Critical Strikes . | . . . Melee Attacks . | . . . Impact . | . . . Slashing . | . . . Piercing . | . . . Sneak Attacks . | . . . Combat Hostiles . | . . . Follow-up Attacks . | . . . Damage Inflicted 697 | 356 260 81 Guns 697 | 356 260 81 Cannons . | . . . Explosions . | . . . Melee . | . . . Ramming . | . . . Kinetic 660 | 356 260 44 Thermal 37 | . . 37 Explosive . | . . . Electromagnetic . | . . . Impact . | . . . Slashing . | . . . Piercing . | . . . Highest Corruption . | . . . Average Corruption . | . . . Corruption Purged . | . . . Corruption Blocked . | . . . Overload Shots . | . . . Overflow Damage . | . . . Projectiles . | . . . Explosions . | . . . Melee . | . . . Knockbacks . | . . . Impact . | . . . Kinetic . | . . . Secondary . | . . . Self-Inflicted Damage . | . . . Shots . | . . . Rammed . | . . . Targets Rammed . | . . . Kicked . | . . . Crushed . | . . . Highest Temperature 59 | . 20 59 Average Temperature 18 | . 7 28 Received Heat Transfer 57 | . 30 27 Siege Activations . | . . . Martial Activations . | . . . Shielding Activations . | . . . Robots Disrupted . | . . . Combat Hostiles . | . . . Robots Corrupted . | . . . Combat Hostiles . | . . . Parts Fried . | . . . Impact Corruptions . | . . . Robots Melted . | . . . Combat Hostiles . | . . . Parts Melted . | . . . Heat Transferred 87 | . . 87 Parts Sabotaged . | . . . Parts Stolen . | . . . Parts Stripped . | . . . Power Chain Reactions . | . . . Alert | -11 -10 -9 ------- Run | Yrd Mat Mat Maximum Alert Level . | . . . Low Security (%) 100 | 100 100 100 Level 1 . | . . . Level 2 . | . . . Level 3 . | . . . Level 4 . | . . . Level 5 . | . . . High Security . | . . . Max Security . | . . . Peak Influence 127 | 5 127 80 Initial 40 | . . 40 Average 42 | 1 69 56 Influence Increases 276 | 30 186 60 Destroy 0b10 Robot/C 160 | . 140 20 Destroy 0b10 Robot/NC 40 | 30 10 . Destroy Leader 32 | . 22 10 Successful Hack 14 | . 14 . Partial Spotted 30 | . . 30 Influence Decreases 206 | 30 90 86 Entered New Map 56 | . . 56 Time Decay 150 | 30 90 30 Squads Dispatched . | . . . Investigation . | . . . Extermination . | . . . Reinforcement . | . . . Assault . | . . . Garrison . | . . . Intercept . | . . . Searches Triggered . | . . . Construction Impeded . | . . . Haulers Reinforced . | . . . Active Scanning Responses . | . . . Cargo Convoy Interrupts . | . . . Stealth | -11 -10 -9 --------- Run | Yrd Mat Mat Distress Signals . | . . . Communications Jammed . | . . . Distress Signals . | . . . Times Spotted 17 | . 15 2 Peak Tracking Total 5 | . 5 2 Tactical Retreats . | . . . Traps | -11 -10 -9 ------- Run | Yrd Mat Mat Traps Triggered . | . . . Indirectly . | . . . Trap Hack Attempts . | . . . Triggered . | . . . Disarmed . | . . . Reprogrammed . | . . . Reused . | . . . Traps Extracted . | . . . Installed . | . . . Triggered . | . . . Machines | -11 -10 -9 ---------- Run | Yrd Mat Mat Machines Disabled . | . . . Max in Single Turn . | . . . Machines Repaired . | . . . Machines Dismantled . | . . . Machines Sabotaged . | . . . Overloaded Fab Kills . | . . . Hacking | -11 -10 -9 --------- Run | Yrd Mat Mat Machines Accessed 5 | . 5 . Terminals 5 | . 5 . Fabricators . | . . . Repair Stations . | . . . Recycling Units . | . . . Scanalyzers . | . . . Garrison Access . | . . . Total Hacks 18 | . 18 . Successful 10 | . 10 . Failed 8 | . 8 . Catastrophic . | . . . Database Lockouts . | . . . Manual 9 | . 9 . Terminals 18 | . 18 . Fabricators . | . . . Repair Stations . | . . . Recycling Units . | . . . Scanalyzers . | . . . Garrison Access . | . . . Terminal Hacks 7 | . 7 . Robot Analysis 1 | . 1 . Prototype ID Bank 1 | . 1 . Level Access Points 1 | . 1 . Terminal Index 1 | . 1 . Locate Traps 2 | . 2 . Zone Layout 1 | . 1 . Fabricator Hacks . | . . . Repair Station Hacks . | . . . Recycling Unit Hacks . | . . . Scanalyzer . | . . . Garrison Access Hacks . | . . . Unauthorized Hacks 3 | . 3 . Terminals 3 | . 3 . Assimilate 1 | . 1 . Botnet 2 | . 2 . Fabricators . | . . . Repair Stations . | . . . Recycling Units . | . . . Scanalyzers . | . . . Garrison Access . | . . . Data Cores Recovered . | . . . Used . | . . . Hacking Detections 5 | . 5 . Full Trace Events . | . . . Feedback Events . | . . . Feedback Blocked . | . . . Robot Schematics Acquired . | . . . Robots Built . | . . . Authchips . | . . . Time . | . . . Total Robot Build Rating . | . . . Part Schematics Acquired . | . . . Parts Built . | . . . Authchips . | . . . Time . | . . . Total Part Build Rating . | . . . Part Studies Acquired . | . . . Parts Repaired . | . . . Time . | . . . Parts Recycled . | . . . Recycled Matter . | . . . Retrieved Matter . | . . . Retrieved Components . | . . . Parts Scanalyzed . | . . . Part Schematics Acquired . | . . . Parts Damaged . | . . . Bothacking | -11 -10 -9 ------------ Run | Yrd Mat Mat Used RIF Installer . | . . . Robots Hacked . | . . . Non-combat . | . . . Combat . | . . . Robot Hacks Applied . | . . . Relay Couplers Released . | . . . Fabnet Peak Effective % . | . . . Robots Rewired . | . . . Allies Hacked . | . . . Hacks Repelled . | . . . Allies | -11 -10 -9 -------- Run | Yrd Mat Mat Total Allies 1 | . 1 . Largest Group 1 | . 1 1 Highest-Rated Group 10 | . 10 10 Highest-Rated Ally 10 | . 10 10 Total Orders . | . . . Ally Attacks . | . . . Total Damage . | . . . Kills . | . . . Allies Corrupted . | . . . Allies Melted . | . . . Intel | -11 -10 -9 ------- Run | Yrd Mat Mat Active Infowar (turns) 394 | 77 257 60 Structural 118 | . 58 60 Seismic 394 | 77 257 60 Robot Analysis Total 1 | . 1 . Derelict Logs Recovered . | . . . Drone Launches . | . . . Drone Recoveries . | . . . Exploration | -11 -10 -9 ------------- Run | Yrd Mat Mat Turns Passed 511 | 194 257 60 Spaces Moved 501 | 116 278 107 Core 11 | 11 . . Treads . | . . . Legs . | . . . Wheels 185 | 105 80 . Hover . | . . . Flight 305 | . 198 107 Fastest Speed 34 | 50 37 34 Average Speed 54 | 79 52 34 Slowest Speed 117 | 90 117 37 Overloaded Moves . | . . . Propulsion Burnouts . | . . . Robots Hopped . | . . . Potential Cave-ins . | . . . Cave-ins Triggered . | . . . Exploration Rate (%) 23 | 6 52 13 Regions Visited 2 Branch Regions . Pre-discovered Areas . | . . . Known Exits Taken 1 | . 1 . Unknown Exits Taken 1 | 1 . . Scrap Searched . | . . . Spaces Dug . | . . . Terrain Destroyed . | . . . Melee . | . . . Projectile . | . . . AOE . | . . . Terrain Rammed . | . . . Walls Destroyed . | . . . Machines Disabled . | . . . Actions | -11 -10 -9 --------- Run | Yrd Mat Mat Total 640 | 166 351 123 Wait 14 | 1 12 1 Move 499 | 115 277 107 Hop . | . . . Pick Up 22 | 11 9 2 Fast Attach 3 | 2 1 . Attach 9 | 5 1 3 Detach 2 | . 1 1 Swap 10 | 1 7 2 Drop 16 | . 14 2 Fire 65 | 31 29 5 Melee . | . . . Ram . | . . . Kick . | . . . Crush . | . . . Escape Stasis . | . . . Rewire . | . . . Trap . | . . . Miscellaneous . | . . . Route ------- -11/Scrapyard -10/Materials (discovered 4 exits: *Mat x3 / [*Min]) -9/Materials (discovered 1 exit: [*Sto]) History --------- Turn | Location | Event 39 | -11/Scrapyard | Discovered new exit (range 15) 195 | -11/Scrapyard | Entered Materials 309 | -10/Materials | Build established: Mutant 350 | -10/Materials | Discovered new exit (range 16) 438 | -10/Materials | Discovered new exit (range 16) 443 | -10/Materials | Identified exit to Materials 452 | -10/Materials | Entered another Materials area 452 | -9/Materials | Accompanied by 1 ally 452 | -9/Materials | Evolved 2 slots: Propulsion x2 472 | -9/Materials | Discovered new exit (range 15) 512 | -9/Materials | Self-destructed Last Messages --------------- Downloading prototype IDs... Imp. Medium Laser Cld. Ion Engine PARAMETERS=PROPULSION+2 LOCATION=MATERIALS GOAL=ESCAPE 00458_ Technician 1a reveals location of Blade Trap. 00466_ Acquired Autogun. 00472_ EXIT=FOUND 00482_ Critical hit (Burn: +37). 00483_ Y-45 Defender destroyed. 00487_ Acquired 53 matter. 00488_ Dropped Sml. Laser. 00490_ Dropped Assault Rifle. 00490_ Acquired Hvy. Assault Rifle. 00491_ K-01 Serf collects debris. 00503_ R-06 Scavenger collects Lgt. Treads. 00506_ K-01 Serf collects debris. 00507_ R-06 Scavenger collects Lgt. Treads. 00507_ K-01 Serf collects debris. Map ----- +----------------------------------------------------+ | | | | | | | | | | | | | | | ??????????????????????????????????????????? | | ??????????????????????????????????????????? | | ??????????????????????????????????????????? | | ??????????????????????????????????????????? | | ??????????????????????????????????????????? | | ??????????????????????????????????????????? | | ??????????????????????????????????????????? | | ??????????????????????????????????????????? | | ??????????????????????????????????????????? | | ??????????????????????????????????????????? | | ??????????????????????????????????????????? | | ??????????????????????????????????????????? | | ??######## ?????????????????????? | | ??##############+#################????????? | | ?? ###############????????? | | ??? # ##????????? | | ??? #] """ "" ##????????? | | ?? # """ Y" ##????????? | | ??? + """@ "" ######????? | | ?????????+#### # ######????? | | ????????? ## ############## ##????? | | ????????????## ####### # ##????? | | ????????????## ##???## # ######? | | ????????????## ##???## """ + ####### | | ????????????## ##???## """ # # # | | ????????????## ##???## """ # # """ # | | ????????????## ##?#### # # """ # | | ????????????## ##?########### # """ # | | ????????????## ##?## # # # | | ????????????## ##?## """ # # """ # | | ??????????? ## ##### """ + + """ # | | ???????????### ##### """ # # """ # | | ???????????## #### # # # | | ???????????## #### """ # # ! # | | ???????????## [ ####^ """ # # # | | ???????????## ! + """ # # # | | ???????????## [ #### # ####### | | ???????????## ############# ####### | | ???????????## ############# ##????? | | ???????????#### ####?????????## ##????? | | ???????????#### ####?????????## ##????? | | ?????????????## ##???????????## ##????? | | ?????????????## ##???????????## ##????? | +----------------------------------------------------+ Best States ------------- Heat Dissipation 28 Energy Generation 10 Energy Capacity 250 Matter Stores 300 Matter Capacity 300 Sight Range 16 Terrain Scan Density 10 Evasion (%) 63 Item Schematics ----------------- None Robot Schematics ------------------ None Fabricated ------------ Nothing Repaired ---------- Nothing Studied --------- None Alien Tech Used ----------------- None Achievements -------------- None Challenges ------------ None Game ------ Seed ArmageddonThiefInitializer Manual? 0 Play Time 00:10:32 Cumulative 240.6 hours Start 2025.11.07 @ 23:33:50 End 2025.11.08 @ 12:28:50 Sessions 3 Manual Loads 0 Difficulty Rogue Special Mode None Game No. 447 Rogue 447 Adventurer 0 Explorer 0 Win Type - Total 1 Types 1/0/0/0/0/0/0/0/0/0 Lore% 30 Gallery% 47 Achievement% 24 Wizard Run 0 Options --------- Layout 1 ASCII 0 Keyboard 1 Movement Vi Keybinds 0 Fullscreen 0 Font 20/Smallcaps Map View 59x39 Zoom Use 0% Tactical HUD 1 Map Filters NONE Filters NONE Steam 1 RUN: f30ed55c-7feb-4d86-8009-e526d862fda3